 Dungeon Crawl Stone Soup version 0.26-a0-30-g56b8cd3df0 (webtiles) character file.

Game seed: 9339893754725429666, levelgen mode: deterministic

4164 Lanoc the Grappler (level 10, -16/96 HPs)
             Began as a Troll Transmuter on May 29, 2020.
             Was a Priest of Wu Jian.
             Demolished by a komodo dragon (32 damage)
             ... on level 11 of the Dungeon.
             The game lasted 00:10:25 (6973 turns).

Lanoc the Grappler (Troll Transmuter)               Turns: 6973, Time: 00:10:26

Health: -16/96     AC:  6    Str: 20    XL:     10   Next: 7%
Magic:  10/10      EV: 12    Int: 10    God:    Wu Jian [***...]
Gold:   420        SH:  0    Dex: 12    Spells: 5/11 levels left

rFire    . . .     SeeInvis .     - Unarmed
rCold    . . .     Gourm    +   (no shield)
rNeg     . . .     Faith    .   b - +0 robe
rPois    .         Spirit   .   (helmet restricted)
rElec    .         Reflect  .   (no cloak)
rCorr    .         Harm     .   (gloves unavailable)
MR       .....                  (boots unavailable)
Stlth    +.........             (no amulet)
HPRegen  0.66/turn              y - ring of wizardry
MPRegen  0.12/turn              (no ring)

@: appendage (expiring), stab
A: large, unfitting armour, claws 3, horns 2, fast metabolism 3, gourmand,
regeneration 1, shaggy fur 1, tough skin 3
a: End Transformation, Wall Jump, Serpent's Lash, Renounce Religion


You were on level 11 of the Dungeon.
You worshipped Wu Jian.
Wu Jian was most pleased with you.
You were completely stuffed.
You had grown temporary horns.
You visited 2 branches of the dungeon, and saw 11 of its levels.

You collected 420 gold pieces.

Inventory:

Missiles
 a - 130 arrows
 k - 2 atropa-tipped darts (quivered)
Armour
 b - a +0 robe (worn)
 H - a +0 kite shield
Jewellery
 y - a ring of wizardry (left claw)
Wands
 t - a wand of flame (23)
 u - a wand of paralysis (12)
 v - a wand of disintegration (10)
 z - a wand of random effects (13)
 C - a wand of acid (8)
Scrolls
 e - 5 scrolls of remove curse
 g - 6 scrolls of magic mapping {unknown}
 j - 2 scrolls of fear {unknown}
 l - 2 scrolls of enchant armour {unknown}
 m - 2 scrolls of enchant weapon {unknown}
 o - 2 scrolls of amnesia {unknown}
 q - 4 scrolls of teleportation {unknown}
 r - 8 scrolls of identify {unknown}
 w - 2 scrolls of immolation {unknown}
 B - a scroll of random uselessness {unknown}
 F - 3 scrolls of noise {unknown}
Potions
 c - a potion of brilliance {unknown}
 f - a potion of lignification
 h - 2 potions of heal wounds {unknown}
 i - 2 potions of mutation {unknown}
 n - 2 potions of stabbing
 p - a potion of haste {unknown}
 s - 2 potions of cancellation {unknown}
 x - 2 potions of degeneration {unknown}
 D - a potion of flight {unknown}
 E - 2 potions of curing {unknown}
 G - 2 potions of berserk rage {unknown}
Comestibles
 d - 18 rations
 A - 6 chunks of flesh


   Skills:
 + Level 5.4 Fighting
 + Level 5.6 Dodging
 * Level 9.7 Unarmed Combat
 - Level 1.2 Spellcasting
 + Level 5.1 Transmutations


You had 5 spell levels left.
You knew the following spells:

 Your Spells              Type           Power        Failure   Level  Hunger
a - Beastly Appendage     Tmut           ##....       1%          1    ##.....
b - Sticks to Snakes      Tmut           ##......     2%          2    ###....
c - Spider Form           Tmut/Pois      #.........   14%         3    ####...

Your spell library contained the following spells:

 Spells                   Type           Power        Failure   Level  Hunger
 Ice Form                 Ice/Tmut       #.......     41%         4    #####..
 Blade Hands              Tmut           ##........   41%         5    ######.


Dungeon Overview and Level Annotations

Branches:
Dungeon (9/15)             Temple (1/1) D:4
   Lair: D:8-11         Orc: D:9-12

Altars:
Ashenzari
Cheibriados
Dithmenos
Elyvilon
Hepliaklqana
Kikubaaqudgha
Makhleb
Nemelex Xobeh
Ru
Trog
Vehumet
Wu Jian
Xom
The Shining One


Innate Abilities, Weirdness & Mutations

You are too large for most types of armour.
You have claws for hands.
Your metabolism is lightning-fast.
You like to eat raw meat.
Your natural rate of healing is unusually fast.
You are covered in fur. (AC +1)
You have extremely tough skin. (AC +3)
You have a pair of horns on your head.


Message History

Press: ? - help, Shift-Dir - straight line, f - komodo dragon
Aim: a komodo dragon (heavily wounded, chance to blind on hit: 3%)
You throw an atropa-tipped dart.
The atropa-tipped dart hits the komodo dragon.
The komodo dragon resists.
The komodo dragon is heavily wounded.
The komodo dragon bites you.
* * * LOW HITPOINT WARNING * * *
The steam dragon breathes steam at you. The ball of steam hits you!
* * * LOW HITPOINT WARNING * * *
You hear a shout!
You spin and attack the komodo dragon.
You claw the komodo dragon! You headbutt the komodo dragon!
The komodo dragon is severely wounded.
It was a potion of stabbing.
You feel ready to backstab.
Your transformation is almost over.
The komodo dragon is engulfed in a cloud of scalding steam.
The komodo dragon bites you!!
You die...

# .#. # ## ...# #######
####.##..... ...##.#
####.#@#.......
###..####
#...§§§lD....#
##....###...§§§....##.#
##.........§##.#.##
#.###.######..### ###
### ###


You could see a komodo dragon and a steam dragon (catching breath).

Vanquished Creatures
  A hydra (D:11)
  The ghost of Lanoc the Skirmisher, an amateur KoAK of Lugonu (D:3)
  2 hippogriffs
  Sigmund (D:4)
  A human (D:8)
  A wyvern (D:11)
  Menkaure (D:7)
  The ghost of bmj180 the Conjurer, an amateur DrCj (D:3)
  A hungry ghost (D:8)
  Edmund (D:4)
  Duvessa (D:6)
  An orc warrior (D:6)
  A phantom (D:5)
  2 ogres
  A necrophage (D:11)
  The ghost of Esekla the Magician, an amateur DsWn (D:3)
  The ghost of Esekla the Grasshopper, an amateur OpWr (D:3)
  A gnoll sergeant (D:7)
  4 bullfrogs
  A water moccasin zombie (D:7)
  Dowan (D:6)
  A scorpion (D:6)
  3 howler monkeys (D:11)
  A centaur zombie (D:5)
  2 crimson imps
  A quasit (D:11)
  3 orc wizards
  A hound (D:5)
  A jelly (D:11)
  4 orc priests
  Ijyb (D:5)
  6 worker ants
  6 gnolls
  6 adders
  A shadow imp (D:7)
  An ooze (D:6)
  An adder skeleton (D:6)
  A worm (D:3)
  A dart slug (D:1)
  2 leopard geckos
  22 orcs
  A ball python (D:3)
  6 giant cockroaches
  9 goblins
  8 hobgoblins
  13 jackals
  5 kobolds
  3 quokkas
  2 bats
  7 frilled lizards
  A jackal skeleton (D:6)
  A jackal zombie (D:6)
  A leopard gecko skeleton (D:6)
  12 rats
160 creatures vanquished.

Vanquished Creatures (others)
  2 withered plants (D:3)
2 creatures vanquished.

Grand Total: 162 creatures vanquished

Notes
Turn   | Place    | Note
-------+----------+-------------------------------------------
     0 | D:1      | Lanoc the Troll Transmuter began the quest for the Orb.
     0 | D:1      | Reached XP level 1. HP: 18/18 MP: 1/1
    31 | D:1      | Reached skill level 1 in Fighting
    32 | D:1      | Reached XP level 2. HP: 23/27 MP: 0/2
   132 | D:1      | Found a shattered altar of Ashenzari.
   271 | D:1      | Reached XP level 3. HP: 33/33 MP: 1/3
  1025 | D:2      | Found an ornate altar of the Wu Jian Council.
  1031 | D:2      | Became a worshipper of the Wu Jian Council
  1229 | D:2      | Reached XP level 4. HP: 36/41 MP: 2/4
  1292 | D:2      | Found a radiant altar of Vehumet.
  1488 | D:2      | Reached skill level 4 in Unarmed Combat
  1775 | D:3      | Found a white marble altar of Elyvilon.
  1805 | D:3      | Reached * piety under Wu Jian
  1825 | D:3      | Found a burning altar of Makhleb.
  1859 | D:3      | Found a sacrificial altar of Ru.
  2092 | D:3      | Found a runed translucent gate.
  2092 | D:3      | Found a runed translucent gate.
  2092 | D:3      | Found a runed translucent gate.
  2094 | D:3      | Noticed Esekla's ghost (amateur OpWr)
  2094 | D:3      | Noticed bmj180's ghost (amateur DrCj)
  2095 | D:3      | Noticed Lanoc's ghost (amateur KoAK)
  2095 | D:3      | Noticed Esekla's ghost (amateur DsWn)
  2099 | D:3      | Found an ancient bone altar of Kikubaaqudgha.
  2814 | D:3      | Killed Lanoc's ghost
  2814 | D:3      | Reached XP level 5. HP: 26/49 MP: 2/5
  2814 | D:3      | Reached XP level 6. HP: 30/57 MP: 2/6
  2819 | D:3      | Killed bmj180's ghost
  2819 | D:3      | Reached skill level 5 in Unarmed Combat
  2828 | D:3      | Killed Esekla's ghost
  2837 | D:3      | Killed Esekla's ghost
  2837 | D:3      | Reached XP level 7. HP: 14/66 MP: 2/7
  3103 | D:4      | Learned a level 2 spell: Sticks to Snakes
  3160 | D:4      | Found a glowing golden altar of the Shining One.
  3209 | D:4      | Noticed Sigmund
  3222 | D:4      | Killed Sigmund
  3222 | D:4      | Reached skill level 6 in Unarmed Combat
  3304 | D:4      | Noticed Edmund
  3320 | D:4      | Killed Edmund
  3357 | D:4      | Found a snail-covered altar of Cheibriados.
  3372 | D:4      | Found a staircase to the Ecumenical Temple.
  3377 | D:4      | Learned a level 3 spell: Spider Form
  3388 | Temple   | Entered the Ecumenical Temple
  3692 | D:4      | Found a shattered altar of Ashenzari.
  3734 | D:5      | Entered Level 5 of the Dungeon
  3735 | D:5      | Noticed Ijyb
  3746 | D:5      | Paralysed by Ijyb for 3 turns
  3752 | D:5      | Reached XP level 8. HP: 61/75 MP: 8/8
  3765 | D:5      | Killed Ijyb
  3939 | D:5      | Found a sparkling altar of Nemelex Xobeh.
  4027 | D:5      | Reached skill level 7 in Unarmed Combat
  4240 | D:6      | Reached ** piety under Wu Jian
  4451 | D:6      | Noticed Dowan
  4453 | D:6      | Noticed Duvessa
  4468 | D:6      | Killed Dowan
  4473 | D:6      | Killed Duvessa
  5169 | D:6      | Found a shadowy altar of Dithmenos.
  5170 | D:6      | Found a hazy altar of Hepliaklqana.
  5671 | D:7      | Reached skill level 8 in Unarmed Combat
  5676 | D:7      | Reached XP level 9. HP: 62/84 MP: 9/9
  5862 | D:7      | Noticed Menkaure
  5866 | D:7      | Killed Menkaure
  6296 | D:8      | Reached skill level 5 in Dodging
  6449 | D:8      | Reached skill level 9 in Unarmed Combat
  6490 | D:8      | Found a bloodstained altar of Trog.
  6569 | D:8      | Found a shimmering altar of Xom.
  6687 | D:9      | You fall into a shaft and drop 2 floors!
  6694 | D:11     | Reached *** piety under Wu Jian
  6696 | D:11     | Reached skill level 5 in Fighting
  6720 | D:11     | Noticed an eight-headed hydra
  6731 | D:11     | Killed an eight-headed hydra
  6731 | D:11     | Reached skill level 5 in Transmutations
  6733 | D:11     | Reached XP level 10. HP: 82/96 MP: 4/10
  6973 | D:11     | Demolished by a komodo dragon

Illustrated notes

Levels and vault maps discovered:
D:1:      matt_arrival_grand_opening, layout_basic, ashenzari_altar_1
D:2:      layout_basic, marbit_many_paths, lemuel_crystal_altar
D:3:      layout_loops_corners, nicolae_ru_sacrificial_ziggurat,
          kiku_gazebo_garden_becter, elyvilon_altar_5, gammafunk_ghost_cemetery,
          first_ration, chequers_serial_rivers_marsh, bloody_makhleb
D:4:      layout_gridville, kennysheep_little_box, kennysheep_mini,
          lemuel_crystal_altar, minmay_temple_entry_trees, uniq_sigmund,
          uniq_edmund
D:5:      layout_rooms, lemuel_round_altar, uniq_ijyb
D:6:      layout_loops_ring, riverfiend_overflow_shadow_ancestor, uniq_duvessa
D:7:      layout_basic, uniq_menkaure
D:8:      layout_rooms, kennysheep_mini_moat, grunt_pizzeria, tgw_xom
D:9:      layout_cave_pools, orc_0_dummy
D:11:     layout_basic, erik_lair_dragon
Temple:   jpeg_temple_alley_garden

Skill      XL: |  1  2  3  4  5  6  7  8  9 |
---------------+----------------------------+-----
Fighting       | 1 2 3 4 5 |  5.4
Dodging        | 2 3 4 5 |  5.6
Unarmed Combat | 4 5 6 8 9 |  9.7
Transmutations | 2 3 4 5 |  5.1
Spellcasting   | |  1.2

Action                   |  1- 3 |  4- 6 |  7- 9 | 10-12 || total
-------------------------+-------+-------+-------+-------++-------
Melee: Unarmed           |    76 |   114 |   265 |    20 ||   475
       Kick              |     9 |     6 |    29 |     1 ||    45
       Headbutt          |     2 |     4 |    17 |     2 ||    25
       Punch             |       |     2 |     8 |     2 ||    12
Throw: Dart              |       |       |     2 |     1 ||     3
 Cast: Beastly Appendage |    16 |    22 |    38 |     3 ||    79
       Sticks to Snakes  |       |       |     3 |       ||     3
Invok: Lunge             |     4 |     3 |    16 |       ||    23
       Whirlwind         |       |       |     5 |     1 ||     6
Evoke: Wand              |       |       |     4 |       ||     4
  Use: Scroll            |       |     1 |       |       ||     1
       Potion            |       |       |     1 |     1 ||     2
 Stab: Sleeping          |       |     2 |     1 |       ||     3
       Invisible         |       |       |     2 |       ||     2
  Eat: Chunk             |    17 |    13 |    45 |     3 ||    78
Armor: Robe              |    16 |    33 |    56 |     2 ||   107
       Skin              |       |       |     6 |       ||     6
Dodge: Dodged            |    41 |    33 |   113 |     7 ||   194

Table legend:
 A = Non-vault XP
 B = Vault XP
 C = Vault XP percentage of total XP
 D = Non-vault monster count
 E = Vault monster count
 F = Vault count percentage of total count
                 A         B        C        D         E       F
            +---------+---------+-------+---------+---------+-------
      Total |    4052 |    1897 |  31.9 |     141 |      19 |  11.9
            +---------+---------+-------+---------+---------+-------
        D:1 |      54 |       0 |   0.0 |      23 |       0 |   0.0
        D:2 |      78 |       2 |   2.5 |      27 |       1 |   3.6
        D:3 |      53 |     637 |  92.3 |      15 |       4 |  21.1
        D:4 |     130 |     400 |  75.5 |      10 |       2 |  16.7
        D:5 |     390 |      36 |   8.5 |      14 |       1 |   6.7
        D:6 |     633 |     217 |  25.5 |      24 |       2 |   7.7
        D:7 |     346 |     183 |  34.6 |       9 |       1 |  10.0
        D:8 |     873 |     217 |  19.9 |      11 |       7 |  38.9
       D:11 |    1495 |     205 |  12.1 |       8 |       1 |  11.1
            +---------+---------+-------+---------+---------+-------
